 Dungeon Crawl Stone Soup version 0.20-a0-622-g01f5896 (webtiles) character file.

5733 logikai the Arsonist (level 10, -2/105 HPs)
             Began as an Ogre Fire Elementalist on Feb 9, 2017.
             Was a Priest of Vehumet.
             Slain by a meliai
             ... wielding a +0 hand axe
              (16 damage)
             ... on level 10 of the Dungeon on Feb 10, 2017.
             The game lasted 01:12:09 (10423 turns).

logikai the Arsonist (Ogre Fire Elementalist)      Turns: 10423, Time: 01:12:10

Health: -2/105     AC:  4    Str: 14    XL:     10   Next: 77%
Magic:  8/21       EV: 10    Int: 25    God:    Vehumet [***...]
Gold:   235        SH:  0    Dex:  9    Spells: 9/24 levels left

rFire    . . .     SeeInvis .   V - +8 whip "Laaw" {flame, +Inv rN+ Int+3 Stlth+}
rCold    . . .     Gourm    .   F - +1 robe of the Heron {Int+3}
rNeg     + . .     Faith    .   (no shield)
rPois    .         Spirit   .   m - +0 hat
rElec    .         Reflect  .   (no cloak)
rCorr    .         Harm     .   (gloves unavailable)
MR       +....                  (boots unavailable)
Stlth    ++........             o - amulet of regeneration
Regen    0.7/turn               (no ring)
                                (no ring)

@: lethally poisoned (-2 -> -9)
A: unfitting armour, mutation resistance 1, robust 1, tough skin 1
a: Renounce Religion, Evoke Invisibility


You were on level 10 of the Dungeon.
You worshipped Vehumet.
Vehumet was most pleased with you.
You were not hungry.

You visited 2 branches of the dungeon, and saw 11 of its levels.
You also visited: Ossuary.

You collected 634 gold pieces.
You spent 399 gold pieces at shops.

Inventory:

Hand Weapons
 K - a cursed -3 short sword
 M - a +2 spear
 Q - a +0 giant spiked club
 U - a +0 quarterstaff
 V - the +8 whip "Laaw" (weapon) {flame, +Inv rN+ Int+3 Stlth+}
   (You found it on level 9 of the Dungeon)

   It has been specially enchanted to burn those struck by it, causing extra
   injury to most foes and up to half again as much damage against particularly
   susceptible opponents.
   It affects your intelligence (+3).
   It protects you from negative energy.
   It lets you turn invisible.
   It makes you more stealthy.
 Y - a +3 falchion
 Z - a +4 scimitar
Armour
 m - a +0 hat (worn)
 F - the +1 robe of the Heron (worn) {Int+3}
   (You bought it in a shop on level 9 of the Dungeon)

   It affects your intelligence (+3).
Magical Staves
 S - an uncursed staff of earth
Jewellery
 o - an amulet of regeneration (around neck)
 t - a cursed amulet of the gourmand
Wands
 p - a wand of disintegration (4/24)
 x - a wand of flame (13/48)
 D - a wand of disintegration (14/24)
 L - a wand of flame (25/48)
 P - a wand of polymorph (9/24)
 X - a wand of paralysis (16/24)
Scrolls
 d - a scroll of random uselessness {unknown}
 g - 7 scrolls of identify
 h - a scroll of recharging {unknown}
 k - 2 scrolls of enchant armour {unknown}
 n - a scroll of blinking {unknown}
 q - a scroll of immolation {unknown}
 r - 2 scrolls of amnesia {unknown}
 s - a scroll of holy word {unknown}
 u - 2 scrolls of magic mapping {unknown}
 y - 2 scrolls of fog {unknown}
 G - a scroll of teleportation
 I - a scroll of remove curse
Potions
 a - a potion of heal wounds
 f - a potion of invisibility
 i - a potion of degeneration
 v - a potion of magic
 z - 2 potions of mutation
 A - 2 potions of brilliance
 R - a potion of agility
Books
 b - a book of Flames

   Spells                             Type                      Level
   a - Flame Tongue                   Conjuration/Fire             1
   b - Throw Flame                    Conjuration/Fire             2
   c - Conjure Flame                  Conjuration/Fire             3
   d - Inner Flame                    Hexes/Fire                   3
   e - Sticky Flame                   Conjuration/Fire             4
   f - Fireball                       Conjuration/Fire             5
 J - a book of Changes

   Spells                             Type                      Level
   a - Beastly Appendage              Transmutation                1
   b - Sticks to Snakes               Transmutation                2
   c - Spider Form                    Transmutation/Poison         3
   d - Ice Form                       Ice/Transmutation            4
   e - Blade Hands                    Transmutation                5
 N - a book of Misfortune

   Spells                             Type                      Level
   a - Confusing Touch                Hexes                        1
   b - Confuse                        Hexes                        3
   c - Gell's Gravitas                Hexes/Translocation          3
   d - Petrify                        Transmutation/Earth          4
   e - Metabolic Englaciation         Hexes/Ice                    5
   f - Yara's Violent Unravelling     Hexes/Transmutation          5
 O - a book of the Earth

   Spells                             Type                      Level
   a - Leda's Liquefaction            Hexes/Earth                  4
   b - Bolt of Magma                  Conjuration/Fire/Earth       5
   c - Statue Form                    Transmutation/Earth          6
   d - Iron Shot                      Conjuration/Earth            6
   e - Shatter                        Earth                        9
Miscellaneous
 T - a lamp of fire
Comestibles
 c - 7 bread rations
 l - 10 royal jellies
 C - 4 meat rations
 W - 2 chunks of flesh


   Skills:
 - Level 5.5 Fighting
 * Level 2.6 Maces & Flails
 - Level 1.7 Dodging
 - Level 1.4 Stealth
 + Level 7.6 Spellcasting
 + Level 8.7 Conjurations
 - Level 9.0 Fire Magic


You had 9 spell levels left.
You knew the following spells:

 Your Spells              Type           Power        Failure   Level  Hunger
a - Flame Tongue          Conj/Fire      #####        1%          1    None
b - Conjure Flame         Conj/Fire      ######..     1%          3    None
c - Sticky Flame          Conj/Fire      ######..     1%          4    ##.....
d - Fireball              Conj/Fire      ######....   1%          5    #####..
e - Throw Frost           Conj/Ice       ####..       1%          2    None


Dungeon Overview and Level Annotations

Branches:
Dungeon (10/15)            Temple (1/1) D:5             Orc (0/2) D:10
   Lair: D:8-11

Altars:
Ashenzari
Cheibriados
Dithmenos
Elyvilon
Fedhas
Gozag
Hepliaklqana
Kikubaaqudgha
Makhleb
Nemelex Xobeh
Okawaru
Qazlal
Ru
Sif Muna
Trog
Uskayaw
Vehumet
Xom
Yredelemnul
Zin
The Shining One
Jiyva

Shops:
D:6 (!!   D:7 [   D:9 [

Annotations:
D:6 potion of exp
D:7 rPosion armor
D:8 1 runed door - angel (holy whip!)


Innate Abilities, Weirdness & Mutations

You are too large for most types of armour.
You have tough skin. (AC +1)
You are somewhat resistant to further mutation.
You are robust. (+10% HP)


Message History

You feel sick.
The killer bee burns!
You kill the killer bee!
Vehumet accepts your kill. The meliai hits you with a hand axe!
The meliai stings you but does no damage.
Casting: Sticky Flame
Confirm with . or Enter, or press ? or * to list all spells.
Aiming: Sticky Flame
Press: ? - help, Shift-Dir - straight line, f - meliai
Aim: a meliai, wielding a hand axe and wearing a leather armour The sticky flame hits the meliai.
The meliai is moderately wounded.
The meliai is covered in liquid flames!
The meliai buzzes angrily.
You feel sick.
The meliai burns!
The meliai hits you with a hand axe!
* * * LOW HITPOINT WARNING * * *
The meliai stings you!
* * * LOW HITPOINT WARNING * * *
The meliai hits you with a hand axe!
You die... #.# #.# #.# #.# .oy

#.# #.# yo ..# #.# ##'## .####
#.# ##8.8## ..#.# #.#
##8...8## ###.# #.#
#8.....8### <..(#
#######.#####..........
###.###.........@yooyy.>...../
..#.....#####..#####).........
#.#.##### #.## #######....
#...# #.# ### ##### #.# # #.#
# #.# # #.# #######
#####'#####


You could see an orc warrior, 3 meliai and an orc.

Vanquished Creatures
  A gargoyle (D:8)
  A centaur skeleton (D:10)
  A troll (D:9)
  Grinder (D:4)
  A hippogriff (D:7)
  2 hogs
  A human (D:8)
  A hungry ghost (D:7)
  2 yaks
  Menkaure (D:5)
  2 water moccasins
  Duvessa (D:4)
  An orc warrior (D:9)
  A black bear (D:10)
  An ice beast (D:7)
  An ogre (D:8)
  3 centaurs
  A crocodile (D:8)
  4 elf zombies (Ossuary)
  A big kobold (D:8)
  A bullfrog (D:8)
  Dowan (D:4)
  5 scorpions
  A killer bee (D:10)
  An electric eel (D:6)
  9 wights
  2 howler monkeys (D:7)
  4 crimson imps
  4 jellies
  A quasit (D:8)
  2 human zombies (D:4)
  A gnoll shaman (D:7)
  5 orc priests
  9 orc wizards
  Ijyb (D:2)
  4 worker ants
  A big kobold zombie (Ossuary)
  2 mummies (Ossuary)
  2 worker ant zombies
  13 gnolls
  4 adders
  2 shadow imps
  2 oozes (D:3)
  An adder zombie (Ossuary)
  An adder skeleton (D:6)
  A worm (D:2)
  3 dart slugs
  6 leopard geckos
  18 orcs
  2 giant cockroaches
  A gnoll zombie (D:4)
  8 goblins
  7 hobgoblins
  13 jackals
  8 quokkas
  4 ball pythons
  7 bats
  4 frilled lizards
  A giant cockroach zombie (D:6)
  13 hobgoblin zombies (Ossuary)
  17 kobolds
  10 kobold zombies (Ossuary)
  A leopard gecko skeleton (D:7)
  5 orc zombies (Ossuary)
  A quokka skeleton (D:7)
  4 rats
  3 rat zombies (Ossuary)
244 creatures vanquished.

Notes
Turn   | Place    | Note
-------+----------+-------------------------------------------
     0 | D:1      | logikai the Ogre Fire Elementalist began the quest for the Orb.
     0 | D:1      | Reached XP level 1. HP: 16/16 MP: 3/3
     0 | D:1      | Noticed a tentacled monstrosity
     0 | D:1      | Noticed a shadow dragon
     1 | D:1      | Noticed an orb of fire
     2 | D:1      | Noticed a large abomination
     5 | D:1      | Noticed an orb of fire
     8 | D:1      | Noticed an iron dragon
    10 | D:1      | Noticed a tentacled monstrosity
    11 | D:1      | Noticed a tentacled monstrosity
    12 | D:1      | Noticed a shadow dragon
    14 | D:1      | Noticed an iron dragon
    14 | D:1      | Noticed a green draconian
    15 | D:1      | Noticed a tentacled monstrosity
    16 | D:1      | Noticed an orb of fire
    16 | D:1      | Noticed an orb of fire
    18 | D:1      | Noticed an orb of fire
    18 | D:1      | Noticed a tentacled monstrosity
    20 | D:1      | Noticed an orb of fire
    22 | D:1      | Noticed a shadow dragon
    89 | D:1      | Reached skill level 1 in Conjurations
   510 | D:1      | Reached skill level 1 in Fighting
   510 | D:1      | Reached XP level 2. HP: 27/27 MP: 2/5
   702 | D:1      | Reached skill level 3 in Fire Magic
  1036 | D:2      | Reached XP level 3. HP: 34/35 MP: 2/6
  1262 | D:2      | Noticed Ijyb
  1280 | D:2      | Killed Ijyb
  1280 | D:2      | Reached XP level 4. HP: 34/44 MP: 0/7
  1874 | D:3      | Found a shadowy altar of Dithmenos.
  2343 | D:4      | Noticed Grinder
  2491 | D:4      | Reached skill level 4 in Fire Magic
  2491 | D:4      | Reached XP level 5. HP: 49/50 MP: 0/8
  2560 | D:4      | Found a sand-covered staircase.
  2601 | D:4      | Gained mutation: You are somewhat resistant to further mutation. [potion of mutation]
  2601 | D:4      | Gained mutation: You are robust. (+10% HP) [potion of mutation]
  2607 | D:4      | Reached XP level 6. HP: 24/64 MP: 0/9
  2629 | D:4      | Learned a level 3 spell: Conjure Flame
  2693 | Ossuary  | Entered an ossuary
  3361 | Ossuary  | Reached skill level 5 in Fire Magic
  3434 | Ossuary  | Reached XP level 7. HP: 41/72 MP: 1/10
  4074 | D:4      | Found a snail-covered altar of Cheibriados.
  4248 | D:4      | Paralysed by Grinder for 5 turns
  4260 | D:4      | Killed Grinder
  4260 | D:4      | Reached skill level 5 in Conjurations
  4260 | D:4      | Reached skill level 6 in Fire Magic
  4260 | D:4      | Reached XP level 8. HP: 65/81 MP: 3/11
  4360 | D:4      | Noticed Dowan
  4362 | D:4      | Noticed Duvessa
  4604 | D:4      | Killed Dowan
  4648 | D:4      | Killed Duvessa
  4653 | D:5      | Entered Level 5 of the Dungeon
  4989 | D:5      | Noticed Menkaure
  4998 | D:5      | Killed Menkaure
  5004 | D:5      | Learned a level 4 spell: Sticky Flame
  5550 | D:5      | Found a staircase to the Ecumenical Temple.
  5597 | D:5      | Reached skill level 5 in Fighting
  5840 | Temple   | Entered the Ecumenical Temple
  6262 | D:5      | Found a radiant altar of Vehumet.
  6287 | D:5      | Became a worshipper of Vehumet
  6417 | D:5      | Reached skill level 7 in Fire Magic
  6587 | D:6      | Found a sacrificial altar of Ru.
  6618 | D:6      | Found Emmy's Weapon Boutique.
  6625 | D:6      | Found Demminu's Distillery.
  6656 | D:6      | Bought a potion of heal wounds for 70 gold pieces
  6688 | D:6      | Found Woip's Distillery.
  6694 | D:6      | Bought a potion of haste for 130 gold pieces
  6699 | D:6      | Found a sparkling altar of Nemelex Xobeh.
  6820 | D:6      | Reached XP level 9. HP: 82/96 MP: 9/13
  6845 | D:6      | Found a sacrificial altar of Ru.
  7247 | D:7      | Found Baegryuh's Armour Shop.
  7565 | D:7      | Reached * piety under Vehumet
  7565 | D:7      | Offered knowledge of Sting by Vehumet.
  7638 | D:7      | Found a white marble altar of Elyvilon.
  7639 | D:7      | Found a bloodstained altar of Trog.
  7796 | D:7      | Learned a level 5 spell: Fireball
  8325 | D:8      | Reached skill level 8 in Fire Magic
  8382 | D:8      | Found a white marble altar of Elyvilon.
  8384 | D:8      | Found a runed door.
  8384 | D:8      | Noticed an angel
  8401 | D:8      | Reached skill level 5 in Spellcasting
  8556 | D:8      | Noticed a gargoyle
  8569 | D:8      | Killed a gargoyle
  8603 | D:8      | Reached XP level 10. HP: 42/105 MP: 9/18
  8689 | D:8      | Offered knowledge of Throw Frost by Vehumet.
  8898 | D:9      | Reached ** piety under Vehumet
  9089 | D:8      | Found a shimmering altar of Xom.
  9090 | D:8      | Found a shimmering altar of Xom.
  9094 | D:8      | Found a shimmering altar of Xom.
  9094 | D:8      | Found a shimmering altar of Xom.
  9094 | D:8      | Found a shimmering altar of Xom.
  9094 | D:8      | Found a shimmering altar of Xom.
  9094 | D:8      | Found a shimmering altar of Xom.
  9095 | D:8      | Found a shimmering altar of Xom.
  9096 | D:8      | Found a shimmering altar of Xom.
  9181 | D:8      | Found a basalt altar of Yredelemnul.
  9212 | D:8      | Learned a level 2 spell: Throw Frost
  9278 | D:8      | Noticed a hand axe
  9282 | D:8      | Noticed a hand axe
  9296 | D:8      | Found a hide-covered altar of Uskayaw.
  9528 | D:9      | Found a deep blue altar of Sif Muna.
  9574 | D:9      | Reached skill level 9 in Fire Magic
  9664 | D:9      | Offered knowledge of Ignite Poison by Vehumet.
  9992 | D:9      | Found Zeprut's Antique Armour Shop.
 10000 | D:9      | Bought a steaming robe for 199 gold pieces
 10010 | D:9      | Identified the +1 robe of the Heron {Int+3} (You bought it in a shop on level 9 of the Dungeon)
 10116 | D:9      | Got an encrusted whip
 10117 | D:9      | Identified the +8 whip "Laaw" {flame, +Inv rN+ Int+3 Stlth+} (You found it on level 9 of the Dungeon)
 10190 | D:10     | Entered Level 10 of the Dungeon
 10205 | D:10     | Reached skill level 1 in Maces & Flails
 10269 | D:10     | Reached *** piety under Vehumet
 10403 | D:10     | Found a staircase to the Orcish Mines.
 10423 | D:10     | Slain by a meliai

Vault maps used:
D:1:      shiori_arrival_whats_in_store_for_you, hangedman_decor_points
D:2:      kennysheep_boxes, uniq_iyjb
D:3:      lemuel_tele_altar
D:4:      overflow_temple_1_default, first_bread, enter_ossuary_3, uniq_duvessa,
          uniq_grinder
D:5:      lemuel_doored_altar, minmay_temple_entry_statues, uniq_menkaure
D:6:      nemelex_xobeh_ov_fountains_minmay, kennysheep_mini, serial_shops,
          shop_coins, shop, shop_fountains, nicolae_lava_and_water,
          nicolae_ru_great_annihilating_truth
D:7:      gammafunk_temple_overflow_pools, serial_shops, shop
D:8:      dancing_weapons_uskayaw, nicolae_overflow_crystal_walls,
          xom_shifter_show, grunt_livestock, lemuel_angel_altar
D:9:      old_standard_altar, serial_shops, shop
D:10:     lair_entry_dummy, minmay_orc_entry_temple_large
Temple:   pf_slimified_temple
Ossuary:  ossuary_tomb_1

Skill      XL: |  1  2  3  4  5  6  7  8  9 10 |
---------------+-------------------------------+-----
Conjurations   | 1 2 3 5 6 7 8 |  8.7
Fighting       | 1 2 5 |  5.5
Fire Magic     | 3 4 5 6 7 8 9 |  9.0
Spellcasting   | 5 7 |  7.6
Maces & Flails | 2 |  2.6
Dodging        | |  1.7
Stealth        | |  1.4

Action                   |  1- 3 |  4- 6 |  7- 9 | 10-12 || total
-------------------------+-------+-------+-------+-------++-------
Melee: Short sword       |    11 |       |       |       ||    11
       Spear             |    38 |   208 |   484 |    86 ||   816
       Rapier            |       |       |   198 |       ||   198
       Flail             |       |       |    24 |       ||    24
       Whip              |       |       |       |    22 ||    22
       Staff             |       |       |       |    22 ||    22
       Quarterstaff      |       |       |       |     6 ||     6
 Cast: Flame Tongue      |    34 |   115 |   193 |    18 ||   360
       Conjure Flame     |       |     1 |     1 |       ||     2
       Sticky Flame      |       |       |    18 |    23 ||    41
       Fireball          |       |       |       |     8 ||     8
       Throw Frost       |       |       |       |     1 ||     1
Evoke: Wand              |       |       |     2 |       ||     2
  Use: Scroll            |     2 |     1 |     2 |     3 ||     8
       Potion            |       |     3 |     5 |     3 ||    11
 Stab: Sleeping          |     1 |       |       |     1 ||     2
  Eat: Chunk             |     1 |     4 |    12 |     9 ||    26
       Fruit             |       |     5 |     7 |       ||    12
       Meat ration       |       |       |     2 |       ||     2
       Royal jelly       |       |       |       |     1 ||     1
Armor: Robe              |    15 |    40 |   196 |    37 ||   288
Dodge: Dodged            |    37 |   136 |   412 |    98 ||   683
